 Dungeon Crawl Stone Soup version 0.20.1-1-g8b1a95d (webtiles) character file.

1065 Mesmaeker13 the Skirmisher (level 8, -6/87 HPs)
             Began as an Ogre Hunter on Aug 12, 2017.
             Splashed by a jelly's acid (7 damage)
             ... on level 5 of the Dungeon.
             The game lasted 00:10:29 (7033 turns).

Mesmaeker13 the Skirmisher (Ogre Hunter)            Turns: 7033, Time: 00:10:31

Health: -6/87      AC: -6    Str: 23    XL:     8   Next: 27%
Magic:  8/8        EV: 12    Int: 12    God:
Gold:   191        SH:  0    Dex: 10    Spells: 7/7 levels left

rFire    . . .     SeeInvis .   l - +0 mace
rCold    . . .     Gourm    .   (no shield)
rNeg     . . .     Faith    .   b - +0 robe
rPois    .         Spirit   .   q - +2 hat
rElec    .         Reflect  .   e - +0 cloak
rCorr    .         Harm     .   (gloves unavailable)
MR       .....                  (boots unavailable)
Stlth    +.........             (no amulet)
Regen    0.3/turn               (no ring)
MPRegen  0.2/turn               (no ring)

@: mighty, corroded
A: unfitting armour, tough skin 1
a: no special abilities


You were on level 5 of the Dungeon.
You were hungry.

You visited 1 branch of the dungeon, and saw 5 of its levels.

You collected 275 gold pieces.
You spent 84 gold pieces at shops.

Inventory:

Hand Weapons
 l - a +0 mace (weapon)
Missiles
 c - 5 large rocks (quivered)
 d - 2 throwing nets
 r - 5 tomahawks of returning
 t - 4 tomahawks
Armour
 b - a +0 robe (worn)
 e - a +0 cloak (worn)
 q - a +2 hat (worn)
Wands
 k - a wand of polymorph (17/24)
Scrolls
 m - 5 scrolls of teleportation
 o - a scroll of amnesia
 w - a scroll of fog
Potions
 h - a potion of cancellation
 n - a potion of degeneration {unknown}
 s - 2 potions of haste
 u - a potion of agility
 v - 2 potions of berserk rage {unknown}
Comestibles
 f - 4 bread rations
 g - a meat ration
 i - 2 royal jellies


   Skills:
 + Level 7.6 Fighting
 + Level 4.5 Maces & Flails
 - Level 4.0 Throwing
 + Level 5.4 Dodging
 - Level 0.6 Stealth


You had 7 spell levels left.
You didn't know any spells.

Dungeon Overview and Level Annotations

Branches:
Dungeon (5/15)             Temple (0/1) D:4

Altars:

Shops:
D:4 !


Innate Abilities, Weirdness & Mutations

You are too large for most types of armour.
You have tough skin. (AC +1)


Message History

* * * LOW HITPOINT WARNING * * *
The jelly closely misses you.
You feel better. The jelly hits you.
* * * LOW HITPOINT WARNING * * *
You are splashed with acid!
The acid burns!
* * * LOW HITPOINT WARNING * * *
The orc wizard hits you with a dagger.
* * * LOW HITPOINT WARNING * * *
You feel very mighty all of a sudden. The orc wizard hits you with a dagger.
* * * LOW HITPOINT WARNING * * *
The jelly misses you.
Okay, then.
You hit the orc wizard but do no damage.
The orc wizard hits you with a dagger.
* * * LOW HITPOINT WARNING * * *
The jelly hits you.
* * * LOW HITPOINT WARNING * * *
You are splashed with acid!
The acid burns!
You die...

#.# #.......# #.# #.# #.......#
#.# #.###.......# #>#
#...'.......# #.#####
######.......# #.....########
#....#....#### #####.#.....<#
#.##.#.##.# #.##.#####
###.##.#..#.##########.##.#####
#...........oJ@o...............
#......####.######.###....#####
#..........## # #####.#
###.#J###### #.####
####.#.###### #.....
#......#....# #..(..
#.....>o=...# #.(...
#.....##..J.# #.....
#.....##...o# #....[


You could see a jelly, an orc wizard and an orc.

Vanquished Creatures
  The ghost of Xelenos the Covert, a novice SpAs of Dithmenos (D:5)
  The ghost of Mesmaeker13 the Skirmisher, an amateur OgGl (D:3)
  An ice beast (D:5)
  2 phantoms
  A crimson imp (D:5)
  2 orc wizards (D:3)
  7 worker ants
  10 adders
  3 oozes
  An adder skeleton (D:4)
  2 worms
  4 dart slugs
  6 leopard geckos
  13 orcs
  7 giant cockroaches
  5 goblins
  8 hobgoblins
  7 jackals
  4 quokkas
  13 bats
  5 frilled lizards
  4 kobolds
  A quokka zombie (D:5)
  9 rats
117 creatures vanquished.

Notes
Turn   | Place    | Note
-------+----------+-------------------------------------------
     0 | D:1      | Mesmaeker13 the Ogre Hunter began the quest for the Orb.
     0 | D:1      | Reached XP level 1. HP: 22/22 MP: 1/1
   426 | D:1      | Reached skill level 3 in Fighting
   430 | D:1      | Reached XP level 2. HP: 31/31 MP: 2/2
   887 | D:1      | Reached XP level 3. HP: 35/37 MP: 3/3
  1506 | D:2      | Reached skill level 1 in Maces & Flails
  1528 | D:2      | Reached skill level 4 in Fighting
  1528 | D:2      | Reached XP level 4. HP: 36/48 MP: 4/4
  2385 | D:3      | Found a faded altar of an unknown god.
  2404 | D:3      | Noticed Mesmaeker13's ghost (amateur OgGl)
  2429 | D:3      | Killed Mesmaeker13's ghost
  2429 | D:3      | Reached XP level 5. HP: 17/55 MP: 5/5
  2728 | D:3      | Reached skill level 5 in Fighting
  2956 | D:3      | Reached XP level 6. HP: 27/66 MP: 6/6
  4523 | D:4      | Noticed a phantom
  4554 | D:4      | Killed a phantom
  4554 | D:4      | Reached XP level 7. HP: 37/74 MP: 7/7
  4996 | D:4      | Found a staircase to the Ecumenical Temple.
  5419 | D:3      | Reached skill level 6 in Fighting
  5691 | D:4      | Found Veuck's Distillery.
  5694 | D:4      | Bought a potion of curing for 42 gold pieces
  5694 | D:4      | Bought a potion of curing for 42 gold pieces
  6136 | D:5      | Entered Level 5 of the Dungeon
  6518 | D:5      | Reached skill level 7 in Fighting
  6518 | D:5      | Reached skill level 5 in Dodging
  6884 | D:5      | Noticed Xelenos's ghost (novice SpAs)
  7009 | D:5      | Killed Xelenos's ghost
  7009 | D:5      | Reached XP level 8. HP: 53/87 MP: 8/8
  7033 | D:5      | HP: 3/87 [orc wizard/dagger (2)]
  7033 | D:5      | HP: 1/87 [jelly (2)]
  7033 | D:5      | Splashed by a jelly's acid

Skill      XL: |  1  2  3  4  5  6  7 |
---------------+----------------------+-----
Dodging        | 2 3 4 5 |  5.4
Fighting       | 3 4 5 7 |  7.6
Maces & Flails | 1 2 3 4 |  4.5
Throwing       | |  4.0
Stealth        | |  0.6

Action                   |  1- 3 |  4- 6 |  7- 9 || total
-------------------------+-------+-------+-------++-------
Melee: Short sword       |    54 |       |       ||    54
       Mace              |    72 |   235 |   305 ||   612
Throw: Large rock        |     4 |    11 |       ||    15
  Use: Scroll            |     3 |     3 |     4 ||    10
       Potion            |       |     2 |     4 ||     6
  Eat: Chunk             |     2 |    10 |     8 ||    20
Armor: Robe              |    84 |   105 |   135 ||   324
Dodge: Dodged            |   103 |   141 |   168 ||   412
